 Dungeon Crawl Stone Soup version 0.30.0-5-g1a98f26d00 (webtiles) character file.

Game seed: 13528339800528453174

566 zlionsfan the Shooter (level 7, -2/49 HPs)
             Began as a Djinni Hexslinger on May 10, 2023.
             Was a Believer of Qazlal.
             Killed themself with a badly aimed concussive blast (4 damage)
             ... on level 6 of the Dungeon.
             The game lasted 00:21:32 (4235 turns).

zlionsfan the Shooter (Djinni Hexslinger)           Turns: 4235, Time: 00:21:32

Health: -2/49      AC:  3    Str:  9    XL:     7   Next: 59%
Gold:   25         EV: 12    Int: 23    God:    Qazlal [**....] SH:  2 Dex: 13

rFire   + + .        a - +5 hand axe
rCold   x . .        (no shield)
rNeg    . . .        c - +0 robe
rPois   ∞            (no helmet)
rElec   .            w - +0 cloak
rCorr   .            (no gloves)
SInv    .            (boots unavailable)
Will    .....        (no amulet)
Stlth   +            n - +6 ring of intelligence
HPRegen 0.28/turn    v - ring of wizardry
MPRegen 0.00/turn

%: wizardry (x1), infuse magic (-3 HP)
@: flying
A: sickness immunity, fire resistance 2, cold vulnerability 1, float, innate
caster, HP casting, extra vitality 1
a: Renounce Religion, Upheaval


You were on level 6 of the Dungeon.
You worshipped Qazlal.
Qazlal was pleased with you.
You visited 2 branches of the dungeon, and saw 7 of its levels.

You collected 225 gold pieces.
You spent 200 gold pieces at shops.

Inventory:

Hand Weapons
 a - a +5 hand axe (weapon)
 b - a +3 sling
 p - a +0 war axe
 r - a +2 short sword of speed
 s - the +2 mace of Keganad {drain, rC+ rN++}
   (You found it on level 4 of the Dungeon)

   rC:        It protects you from cold.
   rN:        It greatly protects you from negative energy.
Armour
 c - a +0 robe (worn)
 w - a +0 cloak (worn)
Jewellery
 n - a +6 ring of intelligence (left hand)
 v - a ring of wizardry (right hand)
Wands
 g - a wand of polymorph (7)
Scrolls
 d - a scroll of poison
 e - 2 scrolls of teleportation
 f - a scroll of magic mapping
 j - a scroll of fog {unknown}
 l - a scroll of blinking {unknown}
 t - a scroll of immolation
Potions
 h - 2 potions of ambrosia
 i - a potion of heal wounds
 k - a potion of magic {unknown}
 m - a potion of curing {unknown}
 o - 2 potions of mutation {unknown}
 q - 2 potions of invisibility {unknown}
 u - a potion of might {unknown}


   Skills:
 * Level 2.5 Fighting
 + Level 1.3 Short Blades
 + Level 1.1 Axes
 * Level 4.3 Ranged Weapons
 + Level 2.7 Dodging
 + Level 0.3 Stealth
 + Level 0.3 Shields
 * Level 3.8 Spellcasting


You knew the following spells:

 Your Spells              Type           Power      Damage    Failure   Level
a - Slow                  Hex            88%        N/A       1%          1
b - Sting                 Tmut/Pois      88%        1d7       1%          1
c - Inner Flame           Hex/Fire       22%        N/A       2%          3
d - Blink                 Tloc           44%        N/A       1%          2
e - Portal Projectile     Hex/Tloc       44%        N/A       2%          3
f - Cause Fear            Hex            11%        N/A       9%          4
g - Volatile Blastmotes   Fire/Tloc      44%        2d13      2%          3
Your spell library was empty.

Dungeon Overview and Level Annotations

Branches:
Dungeon (6/15)             Temple (1/1) D:6

Altars:
Cheibriados
Fedhas
Gozag
Hepliaklqana
Okawaru
Qazlal
Wu Jian
Xom
Yredelemnul
Zin

Shops:
D:5 ?:(*!

Annotations:
D:4 Pikel
D:6 Menkaure


Innate Abilities, Weirdness & Mutations

You are immune to sickness and miasma.
You are immune to poison.
Your flesh is very heat resistant. (rF++)
You are vulnerable to cold. (rC-)
You float through the air rather than walking.
You learn spells naturally, not from books.
Your magical power is your life essence.
You have superior vitality. (+4 MHP)


Message History

Menkaure is nearby!
Found a staircase to the Ecumenical Temple.
There is a staircase to the Ecumenical Temple here.
You fly downwards.
Welcome to the Ecumenical Temple!
There is a staircase back to the Dungeon here.
HP restored.
Found a hazy altar of Hepliaklqana and a radiant altar of Vehumet.
Found a blossoming altar of Fedhas and a shimmering blue altar of Sif Muna.
Found an ornate altar of the Wu Jian Council.
Found a snail-covered altar of Cheibriados and a basalt altar of Yredelemnul.
Found a glowing silver altar of Zin and an ancient bone altar of Kikubaaqudgha.
There is an ornate altar of the Wu Jian Council here.
Done exploring.
(D) Dungeon (T) Temple
Where to? (Enter - D:5 @ (x,y), ? - help)
There is a staircase back to the Dungeon here.
You fly upwards.
Welcome back to the Dungeon!
Level annotation: Menkaure
There is a staircase to the Ecumenical Temple here.
You hear a shout!
An ogre comes into view. It is wielding a +0 giant club.
The ogre shouts!
The ogre completely misses you.
Casting: Volatile Blastmotes (dangerous; 2% risk of failure)
Confirm with . or Enter, or press ? or * to list all spells.
A cloud of volatile blastmotes flares up around you!
You hit the ogre.
The ogre is lightly wounded.
The ogre hits you with a +0 giant club!!
You hit the ogre.
The ogre is moderately wounded.
The ogre hits you with a +0 giant club!!
Ouch! That really hurt!
* * * LOW HITPOINT WARNING * * *
Unknown command.
The cloud of blastmotes explodes!
The concussive blast engulfs the ogre!
The ogre is severely wounded.
You hear a sizzling sound!
The concussive blast engulfs you. You resist.
You die...

....... .......#########
.......#.......#
.......#.#..⌠..##
.......#........#
.......#.#⌠.>.⌠.#
.......#.#......#
.......O@...⌠...#
.......###......# ##
###.... ##.....# ##.
....... ####.#### #..
....... #....#####..
....... #######.......#
........###..............
............###...####...
............### #.#.


You could see an ogre.

Vanquished Creatures
  An ogre (D:5)
  A bullfrog (D:5)
  A scorpion (D:6)
  An orc priest (D:5)
  A sleepcap (D:5)
  A gnoll bouda (D:5)
  2 iguanas
  2 orc wizards (D:5)
  3 gnolls (D:5)
  6 adders
  A white imp (D:5)
  2 dart slugs
  13 orcs
  6 endoplasms
  4 giant cockroaches
  6 goblins
  2 hobgoblins
  4 jackals (D:3)
  2 quokkas
  5 ball pythons
  4 bats
  4 frilled lizards
  5 kobolds
  6 rats
83 creatures vanquished.

Notes
Turn   | Place    | Note
-------+----------+-------------------------------------------
     0 | D:1      | zlionsfan the Djinni Hexslinger began the quest for the
                  | Orb.
     0 | D:1      | zlionsfan set off with the following spells memorised:
                  | Slow, Inner Flame, Portal Projectile, Cause Fear.
     0 | D:1      | Reached XP level 1. HP: 17/17 MP: 0/0
    32 | D:1      | Reached XP level 2. HP: 3/22 MP: 0/0
   677 | D:2      | Reached XP level 3. HP: 27/27 MP: 0/0
   677 | D:2      | Learned a level 1 spell: Sting
   972 | D:2      | Reached skill level 2 in Ranged Weapons
  1271 | D:3      | Found a faded altar of an unknown god.
  1309 | D:3      | Prayed at the altar of an unknown god.
  1309 | D:3      | Became a worshipper of Qazlal Stormbringer
  1309 | D:3      | Reached * piety under Qazlal
  1400 | D:3      | Reached XP level 4. HP: 32/32 MP: 0/0
  1410 | D:3      | Reached skill level 1 in Short Blades
  2178 | D:4      | Identified the +2 mace of Keganad {drain, rC+ rN++}
  2417 | D:4      | Identified the +0 chain mail of Wariness {Str+5}
  2470 | D:4      | Reached XP level 5. HP: 25/38 MP: 0/0
  2470 | D:4      | Learned a level 2 spell: Blink
  2531 | D:4      | Reached ** piety under Qazlal
  2533 | D:4      | Reached skill level 3 in Ranged Weapons
  2545 | D:4      | Noticed a lemure
  2545 | D:4      | Noticed a lemure
  2545 | D:4      | Noticed Pikel
  2574 | D:5      | Entered Level 5 of the Dungeon
  2652 | D:5      | Found a shimmering altar of Xom.
  2765 | D:5      | Found Atiyj's General Store.
  2773 | D:5      | Bought a scroll of enchant weapon for 112 gold pieces
  2854 | D:5      | Found Monatiu's Distillery.
  2857 | D:5      | Bought a potion of heal wounds for 60 gold pieces
  2890 | D:5      | Found an iron altar of Okawaru.
  2924 | D:5      | Found Hehiwk's Antique Weapon Shoppe.
  2946 | D:5      | Reached XP level 6. HP: 31/43 MP: 0/0
  3161 | D:5      | Found Ilika's Magic Scroll Shop.
  3164 | D:5      | Bought a scroll of identify for 28 gold pieces
  3215 | D:5      | Reached skill level 1 in Axes
  3217 | D:5      | Noticed an ogre
  3312 | D:5      | Noticed an ogre
  3490 | D:5      | Found an opulent altar of Gozag.
  3591 | D:6      | Noticed a black bear
  3616 | D:5      | HP: 2/43 [bullfrog (7)]
  3639 | D:5      | Reached XP level 7. HP: 29/49 MP: 0/0
  3639 | D:5      | Learned a level 3 spell: Volatile Blastmotes
  3665 | D:5      | Reached skill level 4 in Ranged Weapons
  3828 | D:5      | Found Heawath's Book Shoppe.
  3977 | D:5      | Noticed a two-headed ogre
  4105 | D:6      | Noticed Menkaure
  4114 | D:6      | Found a staircase to the Ecumenical Temple.
  4123 | Temple   | Entered the Ecumenical Temple
  4234 | D:6      | HP: 1/49 [ogre/+0 giant club (28)]
  4235 | D:6      | Killed themself with a badly aimed concussive blast

Illustrated notes

Levels and vault maps discovered:
D:1:      onia_arrival_pyramid, layout_loops_ring
D:2:      layout_loops_ring
D:3:      layout_loops_ring, chequers_ecumenical_altar_simple_redux
D:4:      layout_layer_cave, uniq_ijyb, uniq_pikel
D:5:      cheibrodos_barr_body, layout_basic,
          mainiacjoe_overflow_surrounded_room,
          nicolae_gozag_cash_rules_everything_around_me,
          mainiacjoe_overflow_cross_hatched, serial_shops,
          nicolae_shop_tiny_real_fake_doors, nicolae_shop_pleasant_corner_grove,
          kennysheep_little_box, shop_statue, shop
D:6:      layout_rooms, gammafunk_temple_overflow_wave, temple_fountains,
          serial_bayou_pond_e, minmay_shop_damaged, kennysheep_dice,
          uniq_menkaure
Temple:   kb_temple_of_zot

Skill      XL: |  1  2  3  4  5  6  7 |
---------------+----------------------+-----
Ranged Weapons | 2 3 4 |  4.3
Spellcasting   | 3 |  3.8
Short Blades   | 1 |  1.3
Fighting       | 2 |  2.5
Axes           | 1 |  1.1
Dodging        | |  2.7
Stealth        | |  0.3
Shields        | |  0.3

Action                     |  1- 3 |  4- 6 |  7- 9 || total
---------------------------+-------+-------+-------++-------
  Melee: Short sword       |    44 |    79 |       ||   123
         Punch             |     1 |     5 |       ||     6
         Hand axe          |       |    66 |    14 ||    80
   Fire: Sling             |    55 |    61 |     5 ||   121
   Cast: Slow              |     3 |     8 |     2 ||    13
         Sting             |       |     7 |       ||     7
         Inner Flame       |       |     1 |       ||     1
         Volatile Blastmot |       |       |     7 ||     7
         Cause Fear        |       |       |     2 ||     2
    Use: Scroll            |     2 |     7 |     2 ||    11
         Potion            |       |     1 |     1 ||     2
 Armour: Robe              |     6 |    12 |     4 ||    22
  Dodge: Dodged            |    31 |    83 |    19 ||   133
  Block: Other             |     1 |    13 |     4 ||    18
